 Dungeon Crawl Stone Soup version 0.23-a0-181-g24f899a (console) character file.

9069 nht the Grappler (level 11, -1/107 HPs)
             Began as an Ogre Transmuter on Sept 19, 2018.
             Was a Priest of Makhleb.
             Slain by a cyclops (27 damage)
             ... on level 12 of the Dungeon.
             The game lasted 00:21:02 (9524 turns).

nht the Grappler (Ogre Transmuter)                  Turns: 9524, Time: 00:21:02

Health: -1/107     AC: 13    Str: 16    XL:     11   Next: 40%
Magic:  11/16      EV: 10    Int: 17    God:    Makhleb [***...]
Gold:   562        SH:  0    Dex:  9    Spells: 6/14 levels left

rFire    . . .     SeeInvis .     - Unarmed
rCold    . . .     Gourm    +   (shield currently unavailable)
rNeg     . . .     Faith    .   b - +1 robe
rPois    +         Spirit   .   (helmet restricted)
rElec    .         Reflect  .   o - +2 cloak {rPois}
rCorr    .         Harm     .   (gloves unavailable)
MR       +....                  (boots unavailable)
Stlth    +.........             p - amulet of the gourmand
HPRegen  0.27/turn              l - +3 ring of protection
MPRegen  0.15/turn              m - +3 ring of protection

@: blade hands
A: large, unfitting armour, tough skin 1
a: End Transformation, Minor Destruction, Lesser Servant of Makhleb, Renounce
Religion


You were on level 12 of the Dungeon.
You worshipped Makhleb.
Makhleb was most pleased with you.
You were very full.
You had blades for hands.
You visited 1 branch of the dungeon, and saw 12 of its levels.
You also visited: Bailey.

You collected 562 gold pieces.

Inventory:

Armour
 b - a +1 robe (worn)
 o - a +2 cloak of poison resistance (worn)
 v - the +3 hat of Pondering {ponderous, MR+ MP+10 Int+5}
   (You took it off Gastronok on level 11 of the Dungeon)

   It affects your intelligence (+5).
   It affects your resistance to hostile enchantments.
   It affects your magic capacity (+10).
Magical Staves
 y - an uncursed staff of death
Jewellery
 h - an uncursed ring of magical power {unknown}
 l - a +3 ring of protection (left scythe-like blade)
 m - a +3 ring of protection (right scythe-like blade)
 p - an amulet of the gourmand (around neck)
 r - an uncursed ring of protection from magic
 x - an uncursed ring of protection from cold
Wands
 w - a wand of polymorph (9)
 z - a wand of random effects (24)
Scrolls
 a - 2 scrolls of amnesia
 e - 4 scrolls of identify
 g - 3 scrolls of teleportation
 i - a scroll of magic mapping
 j - 5 scrolls of remove curse
 k - a scroll of enchant armour
 n - 2 scrolls of immolation
Potions
 c - 2 potions of might
 f - 2 potions of heal wounds
 s - a potion of haste
 t - 3 potions of mutation
 u - 2 potions of curing
Comestibles
 d - 25 rations


   Skills:
 + Level 6.5 Fighting
 - Level 1.7 Dodging
 * Level 11.7 Unarmed Combat
 - Level 2.4 Spellcasting
 + Level 8.4 Transmutations
 + Level 7.2 Invocations


You had 6 spell levels left.
You knew the following spells:

 Your Spells              Type           Power        Failure   Level  Hunger
b - Spider Form           Tmut/Pois      ###.......   45%         3    ###....
c - Blade Hands           Tmut           ####......   56%         5    ######.

Your spell library contained the following spells:

 Spells                   Type           Power        Failure   Level  Hunger
 Beastly Appendage        Tmut           ####..       12%         1    #......
 Sticks to Snakes         Tmut           ####....     14%         2    ##.....
 Summon Small Mammal      Summ           #...         61%         1    #......
 Call Imp                 Summ           #.......     71%         2    ##.....
 Ice Form                 Ice/Tmut       ###.....     75%         4    #####..
 Call Canine Familiar     Summ           #.......     87%         3    ###....
 Summon Guardian Golem    Hex/Summ       #.......     87%         3    ###....
 Hydra Form               Tmut           ####......   94%         6    #######
 Irradiate                Conj/Tmut      ###.......   95%         5    ######.
 Summon Ice Beast         Ice/Summ       #.......     99%         4    #####..
 Summon Lightning Spire   Summ/Air       #.......     99%         4    #####..
 Statue Form              Tmut/Erth      ###......    100%        6    #######
 Dragon Form              Tmut           ####......   100%        7    #######


Dungeon Overview and Level Annotations

Branches:
Dungeon (12/15)            Temple (0/1) D:6            Lair (0/6) D:11
    Orc: D:9-12

Altars:
Cheibriados
Dithmenos
Elyvilon
Fedhas
Makhleb
Qazlal
Sif Muna
Trog
Xom
Yredelemnul
The Shining One

Shops:
D:10 (


Innate Abilities, Weirdness & Mutations

You are too large for most types of armour.
You have tough skin. (AC +1)


Message History

Aim: a cyclops The cyclops seems to speed up.
The cyclops throws a large rock.
The large rock hits you.
Unknown command.
Okay, then.
Okay, then.
Casting: Blade Hands (quite dangerous; 16% risk of failure)
Confirm with . or Enter, or press ? or * to list all spells.
Your hands turn into razor-sharp scythe blades.
The cyclops throws a large rock.
The large rock hits you!!!
* * * LOW HITPOINT WARNING * * *
Unknown command.
The cyclops barely misses you.
You slice the cyclops!!
The cyclops is heavily wounded.
The cyclops closely misses you.
You slice the cyclops!!
The cyclops is almost dead.
The cyclops hits you!!
You die... ████

██████..█
█████.......█
█...█...██..█
█.C██'████..█
█.@██...██..█
█..(........+
█.......██..█
█..██...██..██████
██████████.......█
............█
...███████<.█ ...


████ ██ You could see a cyclops.

Vanquished Creatures
  Gastronok (D:11)
  A centaur warrior (D:8)
  An unseen horror (D:11)
  A gargoyle (D:11)
  A centaur skeleton (D:11)
  A spriggan (D:8)
  A yak (D:10)
  A basilisk (D:11)
  3 porcupines (D:11)
  2 ice beasts
  5 orc warriors
  4 black bears
  2 sky beasts
  7 ogres
  An eye of draining (D:11)
  4 centaurs
  2 crocodiles (D:11)
  A big kobold (D:11)
  6 bullfrogs
  2 water moccasin zombies
  A wyvern skeleton (D:11)
  2 scorpions (D:11)
  5 killer bees (D:7)
  4 wights (D:11)
  A howler monkey (D:8)
  A bullfrog zombie (D:7)
  9 crimson imps
  2 jellies
  3 hounds
  2 bullfrog skeletons
  4 orc priests
  Crazy Yiuf (D:5)
  18 orc wizards
  3 worker ants
  A hound skeleton (D:5)
  A howler monkey zombie (D:11)
  10 gnolls
  6 adders
  2 shadow imps
  2 oozes
  An adder zombie (D:7)
  3 worms
  3 dart slugs
  4 leopard geckos
  36 orcs
  A giant cockroach (D:2)
  2 gnoll zombies (D:8)
  6 goblins
  12 hobgoblins
  24 jackals
  2 quokkas
  2 ball pythons
  5 bats
  10 frilled lizards
  A jackal skeleton (D:4)
  13 kobolds
  9 rats
  A fungus (D:5)
260 creatures vanquished.

Vanquished Creatures (others)
  An orc wizard (D:7)
  2 fungi (D:11)
  5 plants (D:11)
8 creatures vanquished.

Grand Total: 268 creatures vanquished

Notes
Turn   | Place    | Note
-------+----------+-------------------------------------------
     0 | D:1      | nht the Ogre Transmuter began the quest for the Orb.
     0 | D:1      | Reached XP level 1. HP: 19/19 MP: 3/3
   127 | D:1      | Reached skill level 3 in Unarmed Combat
   187 | D:1      | Reached XP level 2. HP: 20/27 MP: 1/5
   494 | D:1      | Reached XP level 3. HP: 16/33 MP: 4/6
   957 | D:2      | Found a glowing golden altar of the Shining One.
  1057 | D:2      | Learned a level 3 spell: Spider Form
  1108 | D:2      | Reached XP level 4. HP: 29/41 MP: 0/7
  1382 | D:2      | Found a stormy altar of Qazlal.
  1571 | D:3      | Reached skill level 4 in Unarmed Combat
  2065 | D:3      | Reached XP level 5. HP: 21/48 MP: 5/8
  2321 | D:4      | Reached skill level 5 in Unarmed Combat
  2387 | D:4      | Reached XP level 6. HP: 30/55 MP: 2/9
  2512 | D:4      | Found a blossoming altar of Fedhas.
  2882 | D:4      | Found a white marble altar of Elyvilon.
  2973 | D:5      | Entered Level 5 of the Dungeon
  3039 | D:5      | Found a burning altar of Makhleb.
  3042 | D:5      | Became a worshipper of Makhleb the Destroyer
  3329 | D:5      | Learned a level 5 spell: Blade Hands
  3344 | D:5      | Found a deep blue altar of Sif Muna.
  3821 | D:5      | Found a runed door.
  3826 | D:5      | Noticed Crazy Yiuf
  3830 | D:5      | Killed Crazy Yiuf
  3887 | D:6      | Found a staircase to the Ecumenical Temple.
  3887 | D:6      | Found a shadowy altar of Dithmenos.
  3888 | D:6      | Noticed a sky beast
  3890 | D:6      | Killed a sky beast
  3890 | D:6      | Reached skill level 6 in Unarmed Combat
  3890 | D:6      | Reached XP level 7. HP: 62/62 MP: 8/10
  4272 | D:6      | Reached skill level 7 in Unarmed Combat
  4307 | D:6      | Reached XP level 8. HP: 63/70 MP: 5/11
  4342 | D:6      | Reached skill level 5 in Transmutations
  4437 | D:7      | Found a basalt altar of Yredelemnul.
  4517 | D:7      | Reached * piety under Makhleb
  4531 | D:7      | Reached skill level 8 in Unarmed Combat
  4658 | D:7      | Found a bloodstained altar of Trog.
  4853 | D:7      | Reached skill level 1 in Invocations
  5280 | D:6      | Noticed a rust devil
  5280 | D:6      | Noticed a rust devil
  5290 | D:7      | Reached XP level 9. HP: 7/76 MP: 8/12
  5628 | D:8      | Found a basalt altar of Yredelemnul.
  5917 | D:8      | Reached skill level 9 in Unarmed Combat
  5946 | D:8      | Noticed a centaur warrior
  5979 | D:8      | Killed a centaur warrior
  6079 | D:8      | Reached ** piety under Makhleb
  6597 | D:9      | Reached skill level 10 in Unarmed Combat
  6608 | D:9      | Reached XP level 10. HP: 72/85 MP: 13/13
  6623 | D:9      | Found a flagged portal.
  6648 | D:9      | Identified the +2 halberd of the End of Times {chop, MR+
                  | Stlth+} (You found it on level 9 of the Dungeon)
  6651 | Bailey   | Entered a bailey
  7110 | D:9      | Found a snail-covered altar of Cheibriados.
  7110 | D:9      | Found a shimmering altar of Xom.
  7269 | D:10     | Entered Level 10 of the Dungeon
  7312 | D:10     | Reached skill level 5 in Invocations
  7374 | D:10     | Found Jaunoud's Antique Weapon Shop.
  8266 | D:11     | Noticed a gargoyle
  8272 | D:11     | Killed a gargoyle
  8303 | D:11     | Killed an unseen horror
  8305 | D:11     | Reached *** piety under Makhleb
  8354 | D:11     | Reached skill level 11 in Unarmed Combat
  8431 | D:10     | Reached skill level 5 in Fighting
  8681 | D:11     | Reached XP level 11. HP: 100/104 MP: 15/15
  8712 | D:11     | Found a staircase to the Lair.
  8982 | D:11     | Noticed Gastronok
  8992 | D:11     | Killed Gastronok
  9152 | D:11     | Noticed an eight-headed hydra
  9517 | D:12     | Noticed a cyclops
  9524 | D:12     | Slain by a cyclops

Vault maps used:
D:1:      onia_arrival_mini_maze, kennysheep_flooded_box, minivault_4
D:2:      old_standard_altar, minivault_26, nicolae_qazlal_eye_of_the_storm
D:3:      minmay_diamond_boxcup, first_ration, kennysheep_generic_room_4
D:4:      kennysheep_mini, fedhas_altar_4
D:5:      lemuel_blue_sif_altar, kennysheep_mini_moat, uniq_crazy_yiuf_cottage
D:6:      cheibrodos_iron_armory, nicolae_dithmenos_the_darkroom,
          minmay_temple_entry_overgrown
D:7:      basic_altar, trog_hazing_becter
D:8:      lemuel_zombie_altar_yredelemnul, the_bakery
D:9:      gammafunk_temple_overflow_wave, enter_bailey_2
D:10:     minmay_flawed_box, serial_shops, kennysheep_little_box
D:11:     minmay_lair_entry_grove, basic_altar, uniq_gastronok
D:12:     david_orc_5
Bailey:   bailey_polearm_2, bailey

Skill      XL: |  1  2  3  4  5  6  7  8  9 10 11 |
---------------+----------------------------------+-----
Unarmed Combat | 3 4 5 6 7 8 10 11 | 11.7
Transmutations | 2 3 4 6 7 8 |  8.4
Invocations    | 2 4 6 7 |  7.2
Fighting       | 5 6 |  6.5
Dodging        | |  1.7
Spellcasting   | |  2.4

Action                   |  1- 3 |  4- 6 |  7- 9 | 10-12 || total
-------------------------+-------+-------+-------+-------++-------
Melee: Unarmed           |   131 |   216 |   250 |   162 ||   759
       Kick              |     6 |     5 |       |       ||    11
       Headbutt          |     8 |     1 |       |       ||     9
       Punch             |     3 |     2 |     5 |     3 ||    13
 Cast: Beastly Appendage |    29 |     2 |       |       ||    31
       Spider Form       |     2 |    24 |    10 |     2 ||    38
       Blade Hands       |       |       |     5 |    12 ||    17
Invok: Minor Destruction |       |       |     8 |   132 ||   140
       Lesser Servant of |       |       |       |     1 ||     1
Evoke: Wand              |       |     2 |    17 |    13 ||    32
  Use: Scroll            |       |     7 |    10 |     3 ||    20
       Potion            |       |       |     2 |     1 ||     3
 Stab: Sleeping          |       |     2 |       |       ||     2
  Eat: Chunk             |     1 |    39 |    11 |    16 ||    67
Armor: Robe              |    24 |    27 |    65 |   110 ||   226
       Skin              |       |    20 |    36 |       ||    56
Dodge: Dodged            |    67 |   126 |   125 |   114 ||   432

Table legend:
 A = Non-vault XP
 B = Vault XP
 C = Vault XP percentage of total XP
 D = Non-vault monster count
 E = Vault monster count
 F = Vault count percentage of total count
                 A         B        C        D         E       F
            +---------+---------+-------+---------+---------+-------
      Total |    8753 |    4204 |  32.4 |     217 |      43 |  16.5
            +---------+---------+-------+---------+---------+-------
        D:1 |      46 |       0 |   0.0 |      30 |       0 |   0.0
        D:2 |      47 |       0 |   0.0 |      18 |       0 |   0.0
        D:3 |      87 |      79 |  47.6 |      19 |       8 |  29.6
        D:4 |      90 |       0 |   0.0 |      16 |       0 |   0.0
        D:5 |      83 |      37 |  30.8 |      13 |       1 |   7.1
        D:6 |     885 |       0 |   0.0 |      16 |       0 |   0.0
        D:7 |     886 |     147 |  14.2 |      26 |       7 |  21.2
        D:8 |    1732 |     219 |  11.2 |      19 |       3 |  13.6
        D:9 |     347 |       0 |   0.0 |       5 |       0 |   0.0
       D:10 |    1462 |     556 |  27.6 |      22 |      10 |  31.2
       D:11 |    3088 |    3012 |  49.4 |      33 |       7 |  17.5
     Bailey |       0 |     154 | 100.0 |       0 |       7 | 100.0
            +---------+---------+-------+---------+---------+-------
